 Dungeon Sprint DCSS version 0.29.1-2-gbd0b4ee654 (webtiles) character file.

Game seed: 7008215367602897508

20397 boopmooplesden the Executioner (level 12, -27/134 HPs)
             Began as a Minotaur Berserker on Nov 8, 2022.
             Was the Champion of Trog.
             Annihilated by a spriggan berserker
             ... wielding a +0 war axe
              (33 damage)
             ... while paralysed by a floating eye
             ... in the Dungeon (Sprint IX: "|||||||||||||||||||||||||||||").
             The game lasted 00:08:38 (3652 turns).

boopmooplesden the Executioner (Minotaur Berserker) Turns: 3652, Time: 00:08:39

Health: -27/134    AC: 24    Str: 29    XL:     12   Next: 45%
Magic:  3/3        EV:  2    Int:  4    God:    Trog [******]
Gold:   783        SH:  0    Dex: 11    Spells: 11/11 levels left

rFire   x . .      SeeInvis .   q - +5 executioner's axe (antimagic)
rCold   + + +      Faith    .   (shield currently unavailable)
rNeg    . . .      Spirit   .   I - +3 ice dragon scales
rPois   .          Reflect  .   (helmet restricted)
rElec   .          Harm     .   m - +0 cloak
rCorr   .          Rampage  .   H - +1 pair of gloves
Will    +....      NoTele   +   v - +0 pair of boots
Stlth   +.........              (no amulet)
HPRegen 0.32/turn               o - +3 ring of strength
MPRegen 0.08/turn               y - ring of Light {rC+ Will+}

@: paralysed, on berserk cooldown, slowed
A: horns 2, retaliatory headbutt
a: Renounce Religion, Berserk, Trog's Hand, Brothers in Arms


You were in the Dungeon.
You worshipped Trog.
Trog was exalted by your worship.
You visited 1 branch You collected 1875 gold pieces.
You spent 1092 gold pieces at shops.

Inventory:

Hand Weapons
 a - a +0 hand axe
 k - a +3 war axe of freezing
 l - the +2 rapier of Devotion {distort, Contam Str+2 Int+5 SInv}
   (You found it in the Dungeon)

   It warps and distorts space around it, and may blink, banish, or inflict
   extra damage upon those it strikes.
   Unwielding it can cause banishment or high damage.
   Str:       It affects your strength (+2).
   Int:       It affects your intelligence (+5).
   SInv:      It lets you see invisible.
   Contam:    It causes magical contamination when unequipped.
 q - a +5 antimagic executioner's axe (weapon)
 r - a +3 vorpal battleaxe
 w - a +3 battleaxe of flaming
 x - a +2 triple sword of protection
 z - a +4 great sword
 G - a +1 demon blade of flaming
Missiles
 B - 6 javelins (quivered)
Armour
 m - a +0 cloak (worn)
 v - a +0 pair of boots (worn)
 A - a +1 scale mail of poison resistance
 H - a +1 pair of gloves (worn)
 I - +3 ice dragon scales (worn)
 J - a +2 plate armour
Jewellery
 o - a +3 ring of strength (left hand)
 p - a +3 ring of dexterity
 y - the ring of Light (right hand) {rC+ Will+}
   (You acquired it in the Dungeon)

   [ring of willpower]

   rC:        It protects you from cold.
   Will:      It increases your willpower.
 C - a ring of protection from cold
 D - a ring of fire
 E - a ring of protection from fire
 F - a ring of protection from cold
Wands
 j - a wand of quicksilver (10)
Scrolls
 h - 4 scrolls of blinking
 s - 2 scrolls of fog
 t - a scroll of fear
 u - 2 scrolls of identify
Potions
 c - 9 potions of curing
 d - a potion of heal wounds
 e - a potion of haste
 f - 4 potions of magic
 g - 6 potions of berserk rage
 i - a potion of invisibility


   Skills:
 + Level 20.6 Fighting
 + Level 25.0 Axes
 + Level 15.6 Armour
 + Level 9.5 Dodging
 + Level 5.5 Stealth
 + Level 5.6 Unarmed Combat


You had 11 spell levels left.
You didn't know any spells.
Your spell library was empty.

Dungeon Overview and Level Annotations

Branches:
Dungeon (1/1)

Altars:
Cheibriados
Dithmenos
Elyvilon
Fedhas
Gozag
Hepliaklqana
Kikubaaqudgha
Makhleb
Nemelex Xobeh
Okawaru
Qazlal
Ru
Sif Muna
Trog
Uskayaw
Vehumet
Wu Jian
Xom
Yredelemnul
Zin
The Shining One
Jiyva
Lugonu

Shops:
D (?(:


Innate Abilities, Weirdness & Mutations

You have a pair of horns on your head.
You reflexively headbutt those who attack you in melee.


Message History

You headbutt the ettin, but do no damage.
The ettin is moderately wounded.
The ettin closely misses you. You furiously retaliate!
You headbutt the ettin.
The ettin hits you with a +0 dire flail.
You hit the ettin. You headbutt the ettin!
The ettin is heavily wounded.
A floating eye comes into view.
The spriggan berserker rages.
The ettin closely misses you. You furiously retaliate!
You headbutt the ettin, but do no damage.
The ettin misses you.
You slice the ettin!!
You headbutt the ettin, but do no damage.
The ettin is severely wounded.
The spriggan berserker rages.
The ettin hits you with a +0 dire flail!
The ettin hits you but does no damage. The floating eye seems to glare at you.
You slice the ettin like a ripe choko!!!
You kill the ettin!
Trog accepts your kill.
The spriggan berserker hits you with a +0 war axe!!
* * * LOW HITPOINT WARNING * * *
Your Axes skill increases to level 25!
Unknown command.
You miss the spriggan berserker.
The spriggan berserker hits you with a +0 war axe!
* * * LOW HITPOINT WARNING * * *
The floating eye gazes piercingly through you!
You suddenly lose the ability to move!
The spriggan berserker hits you with a +0 war axe!!
* * * LOW HITPOINT WARNING * * *
The deep troll shaman calls upon its god to speed up the deep troll shaman.
The deep troll shaman seems to speed up.
The spriggan berserker hits you with a +0 war axe.
* * * LOW HITPOINT WARNING * * *
The floating eye seems to glare at you.
A rakshasa comes into view. It is wielding a +0 trident.
The spriggan berserker hits you with a +0 war axe!!
You die...

▓)▓.▓:▓.▓)▓.▓
▓.▓.▓.▓.▓∩▓.▓R▓
▓'▓.▓)▓.▓)▓.▓G▓
▓.▓.▓.▓.▓∩▓)▓T▓
▓.▓.▓.▓.▓.▓.▓T▓
▓.▓.▓.▓.▓∩▓.▓Y▓
▓[▓.▓.▓.▓)▓.▓D▓
▓.▓.▓.▓.▓∩▓.▓i▓
▓.▓.▓.▓.▓)▓.▓@▓
▓)▓.▓.▓.▓)▓.▓)▓
▓?▓.▓†▓.▓)▓.▓.▓
▓.▓.▓†▓.▓)▓.▓†▓
▓'▓.▓†▓.▓.▓.▓[▓
▓_▓.▓.▓.▓)▓.▓.▓
▓_▓.▓.▓.▓.▓.▓.▓
▓_▓.▓.▓.▓.▓.▓.▓
▓_▓.▓.▓.▓.▓.▓.▓


You could see an ice dragon, an elephant (summoned, berserk), a rakshasa, a
spriggan berserker (berserk, regenerating, strong-willed), 2 deep troll shamans
and a floating eye (charged).

Vanquished Creatures
  An ettin (D)
  Josephine (D)
  Erica (D)
  3 centaur warriors (D)
  A death yak (D)
  A tengu warrior (D)
  Urug (D)
  6 orc high priests (D)
  Sonja (D)
  2 orc knights (D)
  An ugly thing (D)
  A deep elf pyromancer (D)
  A manticore (D)
  2 cyclopes (D)
  A black mamba (D)
  3 cane toads (D)
  A rime drake (D)
  A komodo dragon (D)
  A polar bear (shapeshifter) (D)
  A hornet (D)
  2 blink frogs (D)
  A slime creature (D)
  A jumping spider (shapeshifter) (D)
  2 wyverns (D)
  3 wraiths (D)
  A basilisk (D)
  A vampire mosquito (D)
  3 wargs (D)
  An acid dragon (D)
  4 water moccasins (D)
  2 orc warriors (D)
  7 wolves (D)
  An ogre (D)
  A centaur (D)
  A kobold brigand (D)
  A scorpion (D)
  2 bullfrogs (D)
  A killer bee (D)
  9 orc priests (D)
  A hound (D)
  An adder (D)
  2 dart slugs (D)
  10 orcs (D)
  An endoplasm (D)
  A goblin (D)
  A hobgoblin (D)
  A frilled lizard (D)
93 creatures vanquished.

Vanquished Creatures (collateral kills)
  2 orc high priests (D)
  An orc knight (D)
  6 orc warriors (D)
9 creatures vanquished.

Grand Total: 102 creatures vanquished

Notes
Turn   | Place    | Note
-------+----------+-------------------------------------------
     0 | D        | boopmooplesden the Minotaur Berserker began the quest for
                  | the Orb.
     0 | D        | Reached XP level 1. HP: 19/19 MP: 0/0
     8 | D        | Reached skill level 4 in Axes
    12 | D        | Reached ** piety under Trog
   348 | D        | Noticed an ogre
   348 | D        | Noticed a hound
   348 | D        | Noticed a scorpion
   353 | D        | Killed a scorpion
   354 | D        | Reached skill level 6 in Axes
   354 | D        | Reached XP level 2. HP: 31/31 MP: 1/1
   354 | D        | Reached XP level 3. HP: 38/38 MP: 2/2
   354 | D        | Reached XP level 4. HP: 45/45 MP: 3/3
   356 | D        | Reached *** piety under Trog
   357 | D        | Reached skill level 7 in Axes
   361 | D        | Killed an ogre
   362 | D        | Reached skill level 9 in Axes
   362 | D        | Reached XP level 5. HP: 44/56 MP: 4/4
   517 | D        | Found a snail-covered altar of Cheibriados.
   517 | D        | Found a shadowy altar of Dithmenos.
   517 | D        | Found a white marble altar of Elyvilon.
   517 | D        | Found a blossoming altar of Fedhas.
   517 | D        | Found an opulent altar of Gozag.
   518 | D        | Found a hazy altar of Hepliaklqana.
   519 | D        | Found a viscous altar of Jiyva.
   520 | D        | Found an ancient bone altar of Kikubaaqudgha.
   521 | D        | Found a corrupted altar of Lugonu.
   522 | D        | Found a burning altar of Makhleb.
   523 | D        | Found a sparkling altar of Nemelex Xobeh.
   524 | D        | Found an iron altar of Okawaru.
   525 | D        | Found a stormy altar of Qazlal.
   526 | D        | Found a sacrificial altar of Ru.
   527 | D        | Found a shimmering blue altar of Sif Muna.
   528 | D        | Found a bloodstained altar of Trog.
   529 | D        | Found a hide-covered altar of Uskayaw.
   530 | D        | Found a radiant altar of Vehumet.
   531 | D        | Found an ornate altar of the Wu Jian Council.
   532 | D        | Found a shimmering altar of Xom.
   533 | D        | Found a basalt altar of Yredelemnul.
   534 | D        | Found a glowing silver altar of Zin.
   535 | D        | Found a glowing golden altar of the Shining One.
   553 | D        | Got the +2 rapier of Devotion {distort, Contam Str+2 Int+5
                  | SInv}
   581 | D        | Noticed a centaur
   581 | D        | Noticed a hornet
   581 | D        | Noticed a wyvern
   581 | D        | Noticed a vampire mosquito
   585 | D        | Killed a vampire mosquito
   585 | D        | Reached **** piety under Trog
   586 | D        | Reached skill level 10 in Fighting
   586 | D        | Reached skill level 10 in Axes
   586 | D        | Reached skill level 5 in Armour
   586 | D        | Reached skill level 5 in Dodging
   586 | D        | Reached skill level 1 in Stealth
   586 | D        | Reached XP level 6. HP: 66/66 MP: 5/5
   588 | D        | Killed a wyvern
   589 | D        | Reached skill level 11 in Axes
   592 | D        | Killed a hornet
   593 | D        | Reached skill level 12 in Axes
   593 | D        | Reached XP level 7. HP: 75/75 MP: 6/6
   596 | D        | Reached skill level 13 in Axes
   603 | D        | Reached ***** piety under Trog
   775 | D        | Noticed a cyclops
   775 | D        | Noticed a deep elf pyromancer
   775 | D        | Noticed a cyclops
   775 | D        | Noticed a polar bear
   775 | D        | Noticed a centaur warrior
   780 | D        | Noticed a fire elemental
   784 | D        | Killed a centaur warrior
   785 | D        | Reached skill level 14 in Axes
   785 | D        | Reached XP level 8. HP: 79/88 MP: 7/7
   787 | D        | Killed a polar bear
   787 | D        | Received a gift from Trog
   788 | D        | Reached skill level 15 in Axes
   792 | D        | Killed a deep elf pyromancer
   793 | D        | Reached XP level 9. HP: 79/96 MP: 8/8
   797 | D        | Killed a cyclops
   798 | D        | Reached skill level 15 in Fighting
   798 | D        | Reached skill level 16 in Axes
   804 | D        | Killed a cyclops
  1280 | D        | Noticed a cane toad
  1288 | D        | Reached skill level 17 in Axes
  1292 | D        | Killed a cane toad
  1298 | D        | Noticed a cane toad
  1301 | D        | Received a gift from Trog
  1302 | D        | Reached XP level 10. HP: 63/108 MP: 3/9
  1303 | D        | Killed a cane toad
  1304 | D        | Reached skill level 18 in Axes
  1541 | D        | Noticed a cane toad
  1544 | D        | Killed a cane toad
  1545 | D        | Reached skill level 10 in Armour
  1549 | D        | Reached skill level 19 in Axes
  1549 | D        | Noticed a death yak
  1550 | D        | Reached ****** piety under Trog
  1552 | D        | Noticed a black mamba
  1560 | D        | Killed a death yak
  1560 | D        | Received a gift from Trog
  1564 | D        | Killed a black mamba
  1565 | D        | Reached skill level 20 in Axes
  1879 | D        | Noticed Erica
  1892 | D        | Killed Erica
  1892 | D        | Received a gift from Trog
  1893 | D        | Reached skill level 21 in Axes
  1893 | D        | Reached XP level 11. HP: 75/118 MP: 3/10
  2064 | D        | Received a gift from Trog
  2104 | D        | Noticed an orc knight
  2104 | D        | Noticed an orc knight
  2110 | D        | Killed an orc knight
  2111 | D        | Noticed an orc knight
  2114 | D        | Killed an orc knight
  2122 | D        | Received a gift from Trog
  2125 | D        | Noticed an orc high priest
  2127 | D        | HP: 3/119 [orc knight/+3 long sword (18)]
  2131 | D        | Killed an orc knight
  2133 | D        | Reached skill level 22 in Axes
  2136 | D        | Noticed a sixfirhy
  2136 | D        | Killed an orc high priest
  2136 | D        | Received a gift from Trog
  2728 | D        | Found Xumnuas's Book Boutique.
  2728 | D        | Noticed an orc high priest
  2728 | D        | Noticed an orc high priest
  2729 | D        | Noticed an orc high priest
  2733 | D        | Noticed a soul eater
  2733 | D        | Found Ammuryne's Antique Weapon Shop.
  2740 | D        | Killed an orc high priest
  2742 | D        | Noticed a sixfirhy
  2743 | D        | Found Cazydon's Magic Scroll Boutique.
  2743 | D        | Noticed an orc high priest
  2746 | D        | Killed an orc high priest
  2746 | D        | Noticed an orc high priest
  2751 | D        | Noticed a sixfirhy
  2752 | D        | Killed an orc high priest
  2752 | D        | Received a gift from Trog
  2753 | D        | Reached skill level 23 in Axes
  2758 | D        | Noticed a sun demon
  2760 | D        | Killed an orc high priest
  2761 | D        | Reached skill level 1 in Unarmed Combat
  2762 | D        | Noticed an orc high priest
  2771 | D        | Killed an orc high priest
  2772 | D        | Found Jarawkae's Weapon Shop.
  2786 | D        | Killed an orc high priest
  2789 | D        | Noticed an orc high priest
  2801 | D        | HP: 2/123 [ice devil[an orc high priest] (22)]
  2806 | D        | Killed an orc high priest
  2806 | D        | Received a gift from Trog
  2837 | D        | Bought a glowing triple sword for 364 gold pieces
  2839 | D        | Bought a scroll of acquirement for 728 gold pieces
  2839 | D        | Acquired the ring of Light {rC+ Will+}
  3156 | D        | Noticed Sonja
  3161 | D        | Killed Sonja
  3445 | D        | Noticed Josephine
  3450 | D        | Reached skill level 24 in Axes
  3450 | D        | Reached XP level 12. HP: 132/132 MP: 3/11
  3454 | D        | Killed Josephine
  3458 | D        | Reached skill level 5 in Stealth
  3483 | D        | Noticed Urug
  3492 | D        | Killed Urug
  3492 | D        | Received a gift from Trog
  3493 | D        | Reached skill level 15 in Armour
  3608 | D        | Noticed a tengu warrior
  3608 | D        | Noticed a centaur warrior
  3609 | D        | Noticed a centaur warrior
  3617 | D        | Noticed an ettin
  3628 | D        | Killed a centaur warrior
  3631 | D        | Killed a tengu warrior
  3632 | D        | Reached skill level 5 in Unarmed Combat
  3632 | D        | Noticed an ice dragon
  3637 | D        | Noticed a deep troll shaman
  3640 | D        | Killed a centaur warrior
  3643 | D        | Received a gift from Trog
  3643 | D        | Noticed a deep troll shaman
  3649 | D        | Killed an ettin
  3650 | D        | Reached skill level 25 in Axes
  3650 | D        | Paralysed by a floating eye for 4 turns
  3651 | D        | HP: 6/134 [spriggan berserker/+0 war axe (3)]
  3651 | D        | Noticed a rakshasa
  3652 | D        | Annihilated by a spriggan berserker

Illustrated notes

Levels and vault maps discovered:
D:        linesprint [early_d, line_temple, items_1, d_10, items_2, lair_1,
          lair_end, items_3, orc_1, orc_end, items_4, d_15, swamp_1, shoals_1,
          snake_1, spider_1, d_20, vaults_1, items_5, swamp_end, shoals_end,
          snake_end, spider_end, vaults_end, d_27, items_6, zot_1, zot_end,
          crypt_end, forest_end, elf_end, slime_end, tomb_end, abyss_end,
          pan_hell_end]

Skill      XL: |  1  2  3  4  5  6  7  8  9 10 11 12 |
---------------+-------------------------------------+-----
Fighting       | 6 8 10 11 13 14 16 17 19 20 | 20.6
Axes           | 6 9 10 12 14 15 17 21 24 25 | 25.0
Armour         | 3 4 5 6 7 8 9 11 14 15 | 15.6
Dodging        | 3 4 5 6 7 8 9 |  9.5
Stealth        | 1 2 3 4 5 |  5.5
Unarmed Combat | 3 5 |  5.6

Action                   |  1- 3 |  4- 6 |  7- 9 | 10-12 || total
-------------------------+-------+-------+-------+-------++-------
Melee: Hand axe          |    15 |    10 |       |       ||    25
       Headbutt          |     3 |     3 |    13 |    32 ||    51
       War axe           |       |     9 |    34 |       ||    43
       Punch             |       |     1 |       |       ||     1
       Executioner's axe |       |       |    20 |   171 ||   191
       Unarmed           |       |       |       |    13 ||    13
Invok: Berserk           |     1 |     1 |     2 |     7 ||    11
       Brothers in Arms  |       |       |       |     2 ||     2
  Use: Scroll            |       |       |     2 |     5 ||     7
       Potion            |       |       |       |     4 ||     4
 Stab: Confused          |       |       |       |     2 ||     2
Armor: Plate armour      |       |     4 |    20 |    26 ||    50
       Skin              |       |       |       |     1 ||     1
       Ice dragon scales |       |       |       |    40 ||    40
Dodge: Dodged            |     5 |     7 |    22 |    70 ||   104
